 Dungeon Crawl Stone Soup version 0.19.0 (webtiles) character file.

95 Danakh the Chopper (level 4, 0/31 HPs)
             Began as a Halfling Berserker on Nov 5, 2016.
             Was a Believer of Trog.
             Killed from afar by an orc wizard (9 damage)
             ... with a magic dart
             ... on level 3 of the Dungeon.
             The game lasted 00:04:17 (1997 turns).

Danakh the Chopper (Halfling Berserker)             Turns: 1997, Time: 00:04:19

Health: 0/31       AC: 11    Str: 19    XL:     4   Next: 97%
Magic:  4/4        EV:  9    Int:  5    God:    Trog [**....]
Gold:   156        SH:  0    Dex: 13    Spells: 0 memorised, 3 levels left

rFire  . . .     SeeInvis .     r - +3 hand axe (chop)
rCold  . . .     Gourm    .     e - +0 plate armour
rNeg   . . .     Faith    .     (shield restricted)
rPois  .         Spirit   .     (no helmet)
rElec  .         Reflect  .     (no cloak)
rCorr  .         Harm     .     (no gloves)
MR     .....                    (no boots)
Stlth  ..........               (no amulet)
                                (no ring)
                                (no ring)

@: no status effects
A: mutation resistance 1
a: Berserk, Trog's Hand, Burn Spellbooks, Renounce Religion


You were on level 3 of the Dungeon.
You worshipped Trog.
Trog was pleased with you.
You were not hungry.

You visited 1 branch of the dungeon, and saw 3 of its levels.

You collected 156 gold pieces.

Inventory:

Hand Weapons
 a - a +0 hand axe
 r - a +3 hand axe of chopping (weapon)
 t - a +0 war axe
Armour
 b - a +0 animal skin
 e - a +0 plate armour (worn)
Wands
 s - a wand of digging (11/24)
Scrolls
 d - a scroll of teleportation {unknown}
 f - a scroll of blinking {unknown}
 g - a scroll of enchant armour {unknown}
 i - a scroll of noise {unknown}
 l - a scroll of enchant weapon {unknown}
 m - 4 scrolls of remove curse {unknown}
Potions
 h - a potion of resistance {unknown}
 j - a potion of flight {unknown}
 p - a potion of degeneration {unknown}
 u - a potion of curing {unknown}
Comestibles
 c - 2 bread rations
 k - 2 beef jerkies
 n - a fruit
 o - 2 slices of pizza
 q - a chunk of flesh


   Skills:
 + Level 3.3 Fighting
 * Level 3.8 Axes
 + Level 2.9 Armour
 + Level 3.1 Dodging


You had 3 spell levels left.
You didn't know any spells.

Dungeon Overview and Level Annotations

Branches:
Dungeon (3/15)

Altars:
Fedhas


Innate Abilities, Weirdness & Mutations

You are small and have problems with some larger weapons.
You are somewhat resistant to further mutation.


Message History

You kill the orc!
You barely miss something. You hit the orc priest.
Something hits you but does no damage. The orc priest hits you with a dagger.
You hit the orc priest but do no damage.
The orc priest is heavily wounded.
You miss something. Something hits you but does no damage.
The orc priest hits you with a dagger.
* * * LOW HITPOINT WARNING * * *
Unknown command.
You are too injured to fight recklessly!
Unknown command.
You are too injured to fight recklessly!
Unknown command.
You hit the orc priest but do no damage.
The orc priest is heavily wounded.
You hit something.
You hear some strange, mumbled words.
A magic dart appears from out of thin air!
The magic dart hits you!
You die...

#.# #....
#####.#########....
#>............'....
#%#....########....
#.#....# #.... #.#....#
#.... #.#?..(# #....
######.#....# #####..
......)@....######......
......){o...............
..........########(....#
..........# #.....#
..........# #.....#
..........# #.....#
..?.......# #.....)
..........# #.....)
#......


You could see an orc priest.

Vanquished Creatures
  3 adders
  An ooze (D:1)
  2 worms (D:2)
  2 dart slugs (D:1)
  2 leopard geckos
  7 orcs (D:3)
  A ball python (D:1)
  2 giant cockroaches (D:1)
  4 goblins
  5 hobgoblins
  5 bats (D:2)
  4 frilled lizards
  4 kobolds
  6 rats
48 creatures vanquished.

Notes
Turn   | Place    | Note
-------+----------+-------------------------------------------
     0 | D:1      | Danakh the Halfling Berserker began the quest for the Orb.
     0 | D:1      | Reached XP level 1. HP: 15/15 MP: 1/1
   142 | D:1      | Reached XP level 2. HP: 20/20 MP: 2/2
   497 | D:1      | Reached XP level 3. HP: 21/26 MP: 3/3
  1238 | D:2      | Reached ** piety under Trog
  1785 | D:2      | Reached XP level 4. HP: 31/31 MP: 4/4
  1839 | D:3      | Found a blossoming altar of Fedhas.
  1997 | D:3      | Killed from afar by an orc wizard

Skill      XL: |  1  2  3  4 |
---------------+-------------+-----
Fighting       | 3 |  3.3
Dodging        | 3 |  3.1
Axes           | |  3.8
Armour         | |  2.9

Action                   |  1- 3 |  4- 6 || total
-------------------------+-------+-------++-------
Melee: Hand axe          |   110 |    51 ||   161
 Stab: Sleeping          |     2 |       ||     2
  Eat: Chunk             |     2 |     2 ||     4
Armor: Plate armour      |    55 |    34 ||    89
Dodge: Dodged            |    54 |    27 ||    81
